Map: New Gettysburg LE

Players

Sonagi

  • Race: Terran Terran
  • League: Grandmaster
  • Spawn Location: 5:00

Spit - Winner!

  • Race: Zerg Zerg
  • League: Master
  • Spawn Location: 7:00

VOD

Have the link to the VOD?

Description

Time

  • Played on: Sept. 18, 2016, 2:59 p.m.
  • Length: 30:15
Show
View Real Time Build Order
Export as new Build Order

Sonagi Terran 

Build Orders: Reaper Expand 

Get SALT Encoding   

  12  0:01  SCV  
  13  0:14  SCV  
  14  0:20  Supply Depot  
  14  0:26  SCV  
  15  0:41  SCV  
  16  0:42  Barracks  
  16  0:46  Refinery  
  16  0:54  SCV  
  17  1:06  SCV  
  18  1:18  SCV  
  19  1:31  Orbital Command  
  19  1:32  Reaper  
  20  1:45  Command Center  
  20  1:53  Barracks  
  20  1:57  SCV  
  21  2:06  Barracks Reactor  
  21  2:07  Supply Depot  
  21  2:11  SCV  
  22  2:23  SCV  
  22  2:26  Factory  
  23  2:34  Refinery  
  23  2:35  SCV  
  24  2:42  Barracks Tech Lab  
  24  2:43  Marine  
  25  2:44  Marine  
  25  2:47  SCV  
  27  2:57  Orbital Command  
  27  3:00  SCV  
  27  3:02  Marine x2  
  30  3:10  Stimpack  
  30  3:12  Marine  
  31  3:14  SCV  
  31  3:19  Factory Reactor  
  32  3:25  SCV  
  32  3:26  SCV  
  34  3:29  Marine x2  
  36  3:41  Starport  
  35  3:42  SCV  
  35  3:44  Marine  
  35  3:47  Marine  
  38  3:48  Supply Depot  
  38  3:49  SCV  
  38  3:52  Marine  
  40  4:01  SCV, Supply Depot  
  40  4:02  Marine  
  41  4:03  Supply Depot  
  41  4:05  Marine  
  41  4:06  SCV  
  42  4:10  Marine  
  42  4:13  SCV  
  46  4:18  SCV  
  46  4:21  Supply Depot  
  46  4:22  Marine  
  46  4:24  Widow Mine  
  48  4:25  SCV  
  48  4:26  Marine, Medivac x2  
  48  4:30  SCV  
  55  4:34  Marine  
  55  4:36  Supply Depot  
  55  4:37  SCV  
  57  4:41  Marine  
  57  4:42  SCV  
  59  4:48  Engineering Bay  
  59  4:49  SCV  
  59  4:50  Marine, Engineering Bay  
  59  4:51  Refinery  
  61  4:54  Marine  
  61  4:55  SCV  
  63  5:01  Bunker  
  63  5:02  Marine  
  63  5:03  SCV  
  65  5:08  Marine, SCV  
  65  5:09  Medivac  
  65  5:13  Combat Shield  
  69  5:15  SCV  
  69  5:19  Marine  
  71  5:22  Marine  
  72  5:32  Marine  
  72  5:33  Command Center, Terran Infantry Armor Level 1, Terran Infantry Weapons Level 1  
  73  5:37  Marine  
  73  5:39  Factory Tech Lab  
  73  5:42  Marine  
  75  5:50  Refinery, Supply Depot  
  75  5:52  Marine, Supply Depot  
  75  5:53  Barracks  
  76  5:58  Marine  
  76  6:00  Marine  
  77  6:07  Barracks  
  77  6:08  Barracks  
  77  6:10  SCV  
  78  6:15  Barracks, Siege Tank  
  81  6:18  Marine  
  81  6:20  Marine  
  83  6:26  SCV x2  
  83  6:28  Marine  
  85  6:36  Marine  
  85  6:38  Marine, SCV  
  84  6:40  Marine  
  84  6:46  Marine  
  84  6:48  SCV  
  84  6:50  SCV  
  84  6:53  Marine  
  82  6:54  Marine  
  82  6:56  Marine, Orbital Command  
  82  6:58  Marine  
  81  7:01  Marine  
  81  7:03  Barracks Tech Lab  
  81  7:04  Marine, SCV x2  
  82  7:11  Marine  
  82  7:12  Marine, Armory, Supply Depot  
  84  7:16  SCV  
  84  7:17  SCV, Siege Tank  
  84  7:18  Barracks Tech Lab  
  84  7:19  Concussive Shells  
  84  7:22  SCV  
  90  7:26  Marine, Barracks Reactor  
  90  7:29  SCV x2  
  92  7:31  Marine x2, Barracks Reactor  
  92  7:34  SCV  
  95  7:39  Marine x2  
  95  7:41  SCV  
  95  7:43  Medivac x2  
  102  7:44  Marine  
  102  7:46  Supply Depot  
  102  7:49  Marine x2  
  105  7:54  SCV x3  
  105  7:55  Supply Depot  
  105  7:56  Marine, Supply Depot  
  105  7:58  Siege Tank  
  112  8:01  Supply Depot  
  112  8:05  Terran Infantry Armor Level 2, Terran Infantry Weapons Level 2  
  112  8:06  Marine  
  112  8:07  Marine  
  112  8:12  Supply Depot  
  114  8:13  Marine x2, Supply Depot  
  114  8:15  Marine x2  
  114  8:16  Marine  
  114  8:19  Marine x2  
  121  8:28  Marine x2, Supply Depot  
  121  8:29  Supply Depot  
  121  8:30  Medivac  
  121  8:31  Supply Depot  
  121  8:34  Medivac, Marauder  
  127  8:35  Siege Tank  
  127  8:37  Marine  
  127  8:38  Marine  
  127  8:40  Marine x2  
  136  8:45  Marauder x2  
  140  8:52  Marine x2, Supply Depot  
  140  8:54  Supply Depot  
  140  8:56  Marine  
  140  9:00  Medivac  
  143  9:03  Marine x2  
  143  9:04  Marauder  
  143  9:06  Medivac, Marauder  
  149  9:15  Marine x2  
  149  9:16  Siege Tank  
  154  9:17  Marine x2  
  156  9:27  Marine x2  
  156  9:30  Command Center  
  156  9:31  Marauder  
  160  9:33  Marauder  
  160  9:34  Marauder  
  164  9:40  Marine x2  
  164  9:41  Marine  
  167  9:52  Marauder  
  155  9:53  Marine x2  
  155  9:54  Siege Tank  
  155  9:55  Marauder x2  
  135  10:00  Marine  
  135  10:01  Marine  
  135  10:03  Marine  
  124  10:10  Marine  
  124  10:11  Marine  
  124  10:14  Marauder  
  121  10:19  Medivac  
  121  10:20  Medivac, Marauder, Marine x3  
  121  10:21  Marine, Marauder  
  128  10:26  Siege Tank  
  129  10:31  Marine x2  
  129  10:35  Terran Infantry Armor Level 3, Marauder  
  131  10:37  Barracks x2  
  131  10:40  Marine x2  
  131  10:41  Marine  
  131  10:49  Marauder x2  
  135  10:51  Medivac  
  135  10:52  Medivac  
  139  10:58  Ghost Academy  
  139  11:01  Refinery, Marauder, Marine x2  
  139  11:02  Refinery  
  143  11:06  Marine x3  
  143  11:10  Marauder  
  148  11:13  Refinery  
  148  11:14  Refinery  
  146  11:19  Marine  
  146  11:20  Marine, Marauder  
  146  11:23  Marauder  
  146  11:24  Medivac x2  
  141  11:26  Barracks Tech Lab  
  141  11:27  Barracks Tech Lab  
  141  11:33  Marine x3, Marauder  
  141  11:37  Missile Turret  
  141  11:38  Planetary Fortress  
  146  11:41  Marauder, SCV x3  
  146  11:44  Marauder  
  151  11:51  Marine  
  151  11:52  Marine x2, Marauder x2  
  151  11:53  SCV  
  149  11:54  Marine x3  
  150  12:12  Marine x3  
  150  12:13  Ghost x2  
  155  12:20  SCV  
  155  12:22  Ghost x2  
  158  12:23  Liberator x2, Marine  
  161  12:32  SCV  
  161  12:34  Marine x2, Marauder  
  153  12:42  Marauder  
  160  12:55  Marine x3  
  160  12:56  Marine  
  164  13:03  Ghost x2  
  164  13:04  Ghost  
  164  13:06  Liberator x2  
  164  13:07  Starport  
  164  13:09  Marine x2  
  164  13:22  Ghost x2  
  164  13:23  Marine x2  
  168  13:28  Marine  
  168  13:33  Marauder x2  
  172  13:50  Liberator x2  
  169  13:55  Marine x2  
  169  13:56  Marine, Marauder x3  
  169  13:57  Marine  
  169  14:00  Missile Turret  
  169  14:02  Missile Turret x2  
  179  14:08  Command Center  
  179  14:09  Starport Reactor  
  185  14:13  Siege Tank  
  185  14:15  Marine x2  
  189  14:24  Missile Turret  
  189  14:26  Missile Turret  
  189  14:27  Marine, Marauder  
  189  14:37  Marine x2, Ghost  
  189  14:38  Marine  
  192  14:49  Ghost x2  
  195  14:55  Missile Turret  
  195  15:01  Siege Tank  
  198  15:15  Missile Turret  
  198  15:25  Terran Infantry Weapons Level 3  
  198  15:27  Refinery  
  198  15:28  Refinery  
  198  15:30  Personal Cloaking  
  198  15:35  Missile Turret  
  182  15:57  Missile Turret  
  182  16:00  Liberator x2  
  174  16:05  Marine x2  
  174  16:06  Marine x4, Marauder x3  
  174  16:07  Marauder  
  182  16:15  Missile Turret  
  186  16:23  Marine x2, Medivac  
  186  16:24  Medivac  
  191  16:27  Marauder  
  186  16:39  Missile Turret  
  181  16:41  Marine  
  181  16:42  Marine x2, Marauder x2  
  186  16:49  Marauder  
  184  16:54  Missile Turret  
  184  16:59  Barracks Tech Lab, Starport  
  184  17:00  Starport  
  182  17:04  Marine x2, Marauder x2  
  188  17:14  Marine  
  188  17:15  Marauder  
  174  17:20  Marine  
  174  17:22  Marine x2  
  164  17:26  Marauder x2  
  159  17:32  Marine  
  159  17:36  Marauder  
  158  17:39  Marine x2, Marauder  
  130  17:47  Marauder x2  
  130  17:50  Marine  
  127  17:54  Viking x4  
  127  17:57  Marauder  
  134  18:05  Missile Turret  
  134  18:07  Missile Turret x2  
  134  18:11  Ghost, Missile Turret  
  134  18:12  Missile Turret  
  136  18:16  Ghost  
  138  18:23  Starport Reactor  
  138  18:24  Viking  
  138  18:25  Orbital Command  
  138  18:26  Medivac x2  
  144  18:30  Starport Reactor  
  144  18:33  Marine x2  
  144  18:34  Marauder x2  
  151  18:37  Barracks Reactor  
  150  18:43  Marauder  
  150  18:44  Liberator  
  150  18:45  Marauder  
  150  18:47  Medivac  
  156  18:50  Planetary Fortress  
  156  18:51  Marine  
  156  18:53  Marine  
  156  18:54  Marine  
  157  19:00  Medivac  
  155  19:07  Viking  
  155  19:08  Medivac  
  159  19:11  Ghost  
  159  19:14  Siege Tank  
  164  19:18  Marine x2  
  164  19:19  Marine  
  164  19:20  Marine  
  164  19:21  Marauder  
  164  19:22  Marine  
  164  19:23  Marauder  
  173  19:25  Viking  
  173  19:38  Viking x2  
  174  19:39  Ghost x2  
  174  19:40  Marine x2  
  174  19:42  Ghost  
  182  19:46  Siege Tank  
  182  19:49  Refinery x2  
  182  19:51  Ghost  
  187  20:09  Viking x4  
  193  20:16  Marine x3, Marauder x2  
  193  21:04  Marine x2  
  193  21:05  Marauder x2  
  193  21:09  Viking x4  
  198  21:22  Liberator x2  
  198  21:23  Marine x2, Marauder x2  
  199  21:28  Barracks  
  199  21:29  Barracks x2  
  199  21:30  Command Center  
  199  21:31  Marine  
  192  21:37  Marine  
  192  21:38  Marine, Marauder  
  192  21:39  Liberator x2  
  177  21:40  Marine x2  
  177  21:44  Marauder  
  177  21:45  Marauder  
  181  21:47  Starport  
  181  21:48  Starport  
  181  21:57  Marauder  
  182  22:11  Marine x2, Ghost x2  
  182  22:12  Ghost  
  171  22:16  Liberator  
  171  22:17  Liberator  
  171  22:21  Marine x3  
  171  22:22  Marauder  
  165  22:26  Barracks Tech Lab  
  155  22:35  Barracks Tech Lab  
  155  22:36  Medivac  
  163  22:38  Marine x2  
  163  22:41  Marauder x3  
  163  22:43  Marauder  
  173  22:47  Marine  
  173  22:48  Marine, Marauder  
  173  22:49  Barracks Tech Lab  
  177  22:55  Ghost  
  179  23:00  Sensor Tower  
  179  23:02  Marauder x2  
  179  23:05  Marine x2, Sensor Tower  
  182  23:06  Liberator x2, Marauder  
  182  23:08  Marine  
  182  23:09  Marauder  
  190  23:30  Marine x3, Marauder  
  190  23:31  Marauder x2  
  199  23:38  Orbital Command  
  199  23:42  SCV  
  200  23:51  Refinery  
  200  23:57  Starport Reactor x2  
  200  24:18  Refinery  
  200  24:21  Refinery  
  195  24:31  Ghost x2  
  193  25:06  Viking x4  
  197  25:09  Marine  
  197  25:10  Marauder  
  197  25:35  Ghost x2  
  189  25:54  Marine x2  
  189  25:55  Marine x2, Marauder x4  
  189  25:56  Marine  
  148  26:12  Marine x3, Viking x7  
  148  26:13  Marine  
  148  26:16  Marauder x2  
  148  26:17  Marauder, Viking  
  140  26:30  Marine  
  137  26:35  Marine x3  
  137  26:38  Marauder x3  
  119  26:48  Marine  
  119  26:49  Medivac x2  
  119  26:53  Marine x3  
  123  26:59  Marauder x2  
  123  27:01  Orbital Command  
  87  27:42  Orbital Command  
  64  28:33  Liberator  
  64  28:36  Barracks Tech Lab  
  64  28:47  Marine  
  64  28:48  Marauder x2  
  69  29:05  Marine  
  52  29:11  Marine  
  52  29:12  Marine, Marauder  
  49  29:21  SCV  
  49  29:23  Marine  
  49  29:29  Marine  
  49  29:30  Marauder  
  52  29:33  Marauder, SCV  
  50  29:45  SCV  
  50  29:54  Marine  
  50  29:57  SCV  
Show
View Real Time Build Order
Export as new Build Order

Spit Zerg - Winner!

Build Orders: Hatch First, Brood Lord Corruptor 

Get SALT Encoding   

  12  0:01  Drone  
  13  0:13  Overlord  
  13  0:18  Drone  
  14  0:31  Drone x2  
  14  0:35  Drone  
  17  0:54  Hatchery  
  17  0:56  Drone  
  17  1:00  Drone  
  18  1:13  Spawning Pool  
  18  1:16  Drone  
  18  1:18  Extractor  
  18  1:22  Drone  
  18  1:30  Drone  
  19  1:44  Overlord  
  19  2:00  Zergling x2, Queen  
  22  2:02  Zergling x2  
  22  2:05  Queen  
  22  2:06  Zergling x2  
  26  2:14  Drone  
  27  2:18  Drone  
  27  2:21  Metabolic Boost  
  28  2:23  Drone  
  28  2:28  Drone  
  30  2:33  Drone  
  31  2:39  Drone  
  32  2:48  Overlord  
  32  2:52  Drone  
  32  2:57  Hatchery  
  32  3:02  Drone x2  
  34  3:08  Drone, Queen  
  37  3:13  Drone  
  37  3:15  Drone x2  
  37  3:17  Drone  
  41  3:23  Overlord  
  41  3:29  Overlord  
  41  3:31  Drone x2  
  43  3:43  Drone x5  
  43  3:44  Drone  
  49  3:54  Evolution Chamber  
  48  3:58  Roach Warren  
  48  4:00  Drone x4  
  49  4:05  Overlord  
  49  4:09  Drone x2  
  51  4:15  Queen  
  53  4:19  Extractor  
  53  4:20  Zerg Ground Armor Level 1  
  53  4:22  Drone x2  
  53  4:23  Drone  
  55  4:26  Zergling x2  
  55  4:41  Overlord  
  55  4:44  Drone x7  
  62  4:51  Overlord x2  
  62  4:54  Drone x4  
  62  4:56  Lair  
  66  5:00  Roach x2  
  66  5:01  Roach  
  66  5:03  Extractor  
  66  5:05  Extractor  
  70  5:08  Drone x3  
  73  5:14  Overlord  
  73  5:21  Drone  
  73  5:22  Extractor  
  73  5:23  Drone  
  73  5:24  Drone x2  
  73  5:27  Drone x3  
  79  5:30  Overlord  
  79  5:32  Roach x3  
  79  5:34  Zergling x6  
  88  5:37  Queen  
  88  5:38  Queen  
  88  5:42  Roach x2  
  96  5:44  Zergling x2  
  97  5:52  Zergling x4  
  95  5:58  Zergling x6  
  95  5:59  Zergling x4  
  94  6:06  Drone x4  
  94  6:08  Zergling x2  
  99  6:12  Spine Crawler  
  99  6:13  Spore Crawler, Queen x2  
  99  6:14  Zergling x2  
  102  6:18  Zerg Ground Armor Level 2  
  102  6:20  Glial Reconstitution  
  102  6:24  Spine Crawler, Spore Crawler  
  102  6:25  Drone x2  
  102  6:26  Spore Crawler  
  100  6:38  Drone x2  
  92  6:49  Queen  
  92  6:52  Drone  
  92  6:53  Drone x7  
  97  7:00  Drone x4  
  101  7:11  Infestation Pit  
  101  7:12  Extractor  
  99  7:16  Overlord  
  99  7:17  Overlord x3  
  98  7:30  Overlord x2  
  100  7:37  Roach x6  
  100  7:40  Evolution Chamber  
  100  7:41  Roach x3  
  115  7:45  Hatchery  
  115  7:47  Pathogen Glands  
  114  7:51  Ravager x3  
  114  7:52  Ravager x5  
  114  7:54  Roach  
  114  7:55  Roach x4  
  114  7:57  Overlord  
  132  8:09  Drone, Overlord  
  132  8:10  Overlord  
  132  8:11  Roach x2  
  137  8:22  Zerg Missile Weapons Level 1  
  137  8:23  Infestor x3  
  143  8:28  Drone x2  
  143  8:29  Drone x6  
  151  8:38  Overlord x2  
  151  8:40  Roach x2  
  151  8:41  Roach x2  
  159  8:42  Extractor  
  159  8:44  Spine Crawler  
  159  8:45  Extractor  
  156  9:00  Drone  
  157  9:05  Infestor, Overlord  
  157  9:07  Overseer  
  157  9:09  Overlord  
  159  9:10  Pneumatized Carapace  
  159  9:12  Hive  
  159  9:13  Drone x2  
  161  9:20  Ravager x4  
  161  9:21  Zergling x18  
  174  9:24  Zergling x2  
  174  9:26  Hatchery  
  174  9:32  Overlord  
  174  9:34  Roach x5  
  184  9:44  Overlord x3  
  165  9:54  Roach x5  
  165  9:55  Roach x3  
  155  10:01  Roach x4  
  146  10:09  Roach x5  
  146  10:12  Infestor  
  146  10:13  Infestor  
  145  10:18  Roach  
  145  10:19  Roach x2  
  150  10:21  Ravager  
  150  10:22  Ravager x2  
  150  10:23  Ravager  
  150  10:28  Drone x4  
  155  10:33  Spire  
  154  10:40  Zerg Ground Armor Level 3  
  152  10:46  Drone x2  
  152  10:49  Ravager x3  
  157  10:50  Ravager  
  158  11:04  Ultralisk Cavern  
  158  11:05  Zerg Melee Weapons Level 1  
  158  11:06  Zergling x10  
  158  11:07  Zergling x4  
  158  11:10  Extractor, Infestor  
  164  11:11  Extractor  
  164  11:12  Drone  
  164  11:13  Drone x2  
  162  11:20  Roach x2  
  162  11:21  Roach x7  
  172  11:31  Spine Crawler  
  171  11:33  Ravager  
  171  11:34  Ravager x2  
  171  11:35  Zergling x22  
  182  11:55  Ravager  
  182  11:58  Ultralisk x2  
  195  12:08  Greater Spire, Chitinous Plating  
  189  12:19  Drone x3  
  192  12:28  Ultralisk  
  180  12:43  Infestor x2  
  184  12:48  Drone x2  
  186  12:56  Corruptor x3  
  186  12:57  Corruptor x4  
  186  12:58  Roach Warren  
  198  13:02  Hatchery  
  194  13:25  Drone x4  
  194  13:26  Queen  
  200  13:39  Spine Crawler, Overlord  
  192  14:00  Brood Lord x3  
  192  14:01  Brood Lord  
  200  14:03  Zerg Melee Weapons Level 2  
  200  14:04  Zerg Missile Weapons Level 2  
  200  14:06  Zerg Flyer Armor Level 1  
  198  14:30  Adrenal Glands  
  195  14:32  Zergling x10  
  195  14:36  Corruptor x5  
  194  14:41  Brood Lord  
  194  14:42  Brood Lord x2  
  200  14:47  Corruptor  
  200  15:07  Spine Crawler x2  
  200  15:09  Spore Crawler  
  200  15:11  Spine Crawler  
  200  15:13  Brood Lord x2  
  200  15:29  Hatchery  
  173  16:04  Corruptor x4  
  173  16:05  Corruptor x5  
  173  16:10  Corruptor x5  
  173  16:11  Corruptor x3  
  199  16:26  Brood Lord  
  199  16:32  Extractor  
  198  16:34  Extractor  
  186  16:42  Corruptor x6  
  186  16:43  Corruptor  
  191  16:55  Ultralisk  
  191  17:02  Brood Lord x2  
  184  17:22  Infestor x2  
  154  17:40  Ultralisk x2  
  160  18:00  Extractor  
  160  18:01  Queen x4, Overlord  
  160  18:02  Extractor, Spine Crawler  
  171  18:06  Brood Lord x3  
  171  18:10  Drone x3  
  171  18:11  Drone x3  
  177  18:15  Zergling x14  
  184  18:29  Brood Lord x2  
  184  18:30  Brood Lord  
  190  18:39  Spore Crawler  
  189  18:42  Spore Crawler  
  188  18:54  Brood Lord x2  
  188  18:55  Brood Lord  
  194  19:02  Drone x4  
  198  19:03  Drone  
  198  19:06  Extractor  
  198  19:15  Brood Lord  
  188  19:38  Zerg Flyer Armor Level 2  
  188  19:55  Nydus Network  
  187  20:04  Spore Crawler  
  187  20:05  Spore Crawler x2  
  187  20:06  Spore Crawler  
  183  20:10  Hatchery  
  183  20:13  Spine Crawler  
  179  20:15  Spine Crawler  
  179  20:16  Spine Crawler  
  179  20:17  Spine Crawler  
  171  20:32  Nydus Canal  
  171  20:39  Zergling x6  
  171  20:40  Overlord x4  
  155  21:15  Ultralisk x5  
  185  21:23  Zergling x8  
  185  21:24  Zergling x4  
  183  21:39  Extractor  
  165  21:40  Drone x3  
  165  21:45  Hatchery  
  156  21:49  Brood Lord  
  156  21:50  Brood Lord  
  158  22:14  Zergling x2  
  158  22:15  Zergling x34  
  170  22:20  Zergling x2  
  169  22:27  Zergling x8, Queen  
  175  22:35  Infestor  
  177  22:43  Extractor  
  176  22:48  Queen x3  
  176  22:49  Overlord  
  176  22:50  Overlord x2  
  182  22:56  Queen  
  184  22:59  Hatchery  
  184  23:02  Overlord x2  
  183  23:16  Corruptor  
  183  23:17  Corruptor x3  
  191  23:41  Spore Crawler  
  191  23:42  Extractor  
  189  23:51  Zerg Melee Weapons Level 3  
  189  23:54  Ultralisk  
  195  23:56  Zergling x6  
  195  23:57  Zergling x4  
  195  24:02  Nydus Canal  
  198  24:29  Spine Crawler x2  
  198  24:30  Drone x3  
  198  24:35  Spore Crawler  
  197  24:39  Drone  
  197  24:40  Drone  
  199  24:51  Spine Crawler  
  196  24:54  Spine Crawler  
  196  24:56  Spine Crawler  
  196  24:57  Corruptor x3, Hatchery  
  194  25:10  Zerg Missile Weapons Level 3  
  194  25:12  Nydus Canal  
  194  25:27  Corruptor x2  
  194  25:28  Corruptor x2  
  184  25:45  Corruptor  
  184  25:46  Corruptor  
  151  26:14  Corruptor x2  
  151  26:15  Corruptor  
  144  26:26  Zergling x24  
  144  26:27  Zergling x26  
  150  26:42  Infestor x2  
  132  27:05  Nydus Canal  
  124  27:18  Ultralisk  
  130  27:24  Hatchery  
  123  27:31  Queen x2  
  127  27:40  Drone x2  
  127  27:41  Drone  
  93  28:27  Extractor x2  
  93  28:32  Ultralisk x2  
  103  28:49  Queen  
  103  28:50  Queen  
  101  29:07  Ultralisk  
  88  29:10  Zergling x24  
  100  29:35  Ultralisk  
  100  29:39  Corruptor x2  
Tags
 
Add a new tag
Caveats
  • Supply blocks, unpowered buildings, or Contaminate may cause inaccurate times.
  • Supply counts are checked every 10 seconds.